 Dungeon Crawl Stone Soup version 0.23-a0-690-g0a1fc62 (console) character file.

19 Duffy the Firebug (level 2, -1/19 HPs)
             Began as a Demonspawn Fire Elementalist on Jan 11, 2019.
             Slain by a scorpion (6 damage)
             ... on level 4 of the Dungeon.
             The game lasted 00:00:58 (944 turns).

Duffy the Firebug (Demonspawn Fire Elementalist)     Turns: 944, Time: 00:00:59

Health: -1/19      AC:  3    Str:  8    XL:     2   Next: 55%
Magic:  0/5        EV: 12    Int: 16    God:
Gold:   5          SH:  0    Dex: 13    Spells: 4/5 levels left

rFire    . . .     SeeInvis .   i - +2 short sword (drain)
rCold    . . .     Gourm    .   (no shield)
rNeg     . . .     Faith    .   a - +0 robe
rPois    .         Spirit   .   (no helmet)
rElec    .         Reflect  .   g - +0 cloak (curse)
rCorr    .         Harm     .   (no gloves)
MR       .....                  (no boots)
Stlth    ++........             (no amulet)
HPRegen  0.06/turn              (no ring)
MPRegen  0.09/turn              (no ring)

@: lethally poisoned (-1 -> -14)
A: hooves 1
a: no special abilities


You were on level 4 of the Dungeon.
You were hungry.

You visited 1 branch of the dungeon, and saw 4 of its levels.

You collected 5 gold pieces.

Inventory:

Hand Weapons
 e - a +0 short sword
 i - a +2 short sword of draining (weapon)
Armour
 a - a +0 robe (worn)
 g - a cursed +0 cloak (worn)
Scrolls
 h - a scroll of remove curse {unknown}
Potions
 b - a potion of flight {unknown}
 d - 2 potions of experience {unknown}
 j - a potion of agility {unknown}
Comestibles
 c - 2 rations
 f - 7 chunks of flesh


   Skills:
 - Level 1.7 Dodging
 - Level 1.7 Stealth
 + Level 2.1 Spellcasting
 + Level 2.4 Conjurations
 + Level 2.7 Fire Magic


You had 4 spell levels left.
You knew the following spells:

 Your Spells              Type           Power        Failure   Level  Hunger
h - Flame Tongue          Conj/Fire      ##...        7%          1    #......

Your spell library contained the following spells:

 Spells                   Type           Power        Failure   Level  Hunger
 Throw Flame              Conj/Fire      ##....       11%         2    ###....
 Conjure Flame            Conj/Fire      ##......     22%         3    ###....
 Inner Flame              Hex/Fire       #.......     34%         3    ###....
 Sticky Flame             Conj/Fire      ##......     56%         4    #####..
 Fireball                 Conj/Fire      ##........   89%         5    ######.


Dungeon Overview and Level Annotations

Branches:
Dungeon (4/15)
 Temple: D:4-7

Altars:


Innate Abilities, Weirdness & Mutations

You have large cloven feet.


Message History

The scorpion misses you.
Casting: Flame Tongue (safe; 7% risk of failure)
Confirm with . or Enter, or press ? or * to list all spells.
Aiming: Flame Tongue (safe; 7% risk of failure)
Press: ? - help, Shift-Dir - straight line, f/p - scorpion
Aim: a scorpion (heavily wounded)
The flame tongue hits the scorpion.
The scorpion appears unharmed.
The scorpion is heavily wounded.
The scorpion stings you.
You are lethally poisoned!
The scorpion poisons you!
Casting: Flame Tongue (safe; 7% risk of failure)
Confirm with . or Enter, or press ? or * to list all spells.
Aiming: Flame Tongue (safe; 7% risk of failure)
Press: ? - help, Shift-Dir - straight line, f/p - scorpion
Aim: a scorpion (heavily wounded)
The flame tongue hits the scorpion.
The scorpion is almost dead.
You feel sick. The scorpion stings you.
You die...

..............#
#.......................
#......................?
##.......................
#........................
#..[.....................
#........................
#................@s......
#.....<..................
#....)%.<................
........##....>...)......
.......####.......>......
......## #..............
.....## #.#............
....## #.###.........#
....## #.. ##........


You could see a scorpion.

Vanquished Creatures
  A leopard gecko (D:2)
  4 orcs
  A giant cockroach (D:2)
  A hobgoblin (D:2)
  2 kobolds
  A quokka (D:4)
  A bat (D:2)
  A frilled lizard (D:3)
  A rat (D:2)
13 creatures vanquished.

Notes
Turn   | Place    | Note
-------+----------+-------------------------------------------
     0 | D:1      | Duffy the Demonspawn Fire Elementalist began the quest for
                  | the Orb.
     0 | D:1      | Reached XP level 1. HP: 13/13 MP: 3/3
   407 | D:3      | Gained mutation: You have large cloven feet. [demonic
                  | ancestry]
   407 | D:3      | Reached XP level 2. HP: 19/19 MP: 0/5
   932 | D:4      | Noticed a scorpion
   944 | D:4      | Slain by a scorpion

Vault maps used:
D:1:      grunt_arrival_lava_bath, grunt_decor_arrowhead
D:2:      first_ration, trog_three_pillars_becter
D:3:      serial_bayou_lake_a
D:4:      corner_web_ring

Skill      XL: |  1 |
---------------+----+-----
Conjurations   | 2 |  2.4
Dodging        | |  1.7
Stealth        | |  1.7
Spellcasting   | |  2.1
Fire Magic     | |  2.7

Action                   || total
-------------------------++-------
Melee: Unarmed           ||    10
       Short sword       ||     1
 Cast: Flame Tongue      ||    32
 Stab: Sleeping          ||     1
Armor: Robe              ||     4
Dodge: Dodged            ||    24

Table legend:
 A = Non-vault XP
 B = Vault XP
 C = Vault XP percentage of total XP
 D = Non-vault monster count
 E = Vault monster count
 F = Vault count percentage of total count
                 A         B        C        D         E       F
            +---------+---------+-------+---------+---------+-------
      Total |      28 |       0 |   0.0 |      13 |       0 |   0.0
            +---------+---------+-------+---------+---------+-------
        D:1 |       2 |       0 |   0.0 |       1 |       0 |   0.0
        D:2 |       9 |       0 |   0.0 |       5 |       0 |   0.0
        D:3 |       9 |       0 |   0.0 |       4 |       0 |   0.0
        D:4 |       8 |       0 |   0.0 |       3 |       0 |   0.0
            +---------+---------+-------+---------+---------+-------
